 Dungeon Crawl Stone Soup version 0.31-a0-426-g3a05650e59 (webtiles) character file.

Game seed: 17041851273222047239

97 shadowstone the Shield-Bearer (level 4, -2/29 HPs)
             Began as a Gargoyle Fighter on July 30, 2023.
             Slain by Grinder (6 damage)
             ... while paralysed by Grinder
             ... on level 4 of the Dungeon.
             The game lasted 00:05:45 (1150 turns).

shadowstone the Shield-Bearer (Gargoyle Fighter)    Turns: 1150, Time: 00:05:45

Health: -2/29      AC: 11    Str: 21    XL:     4   Next: 68%
Magic:  4/4        EV:  2    Int: 13    God:
Gold:   62         SH:  0    Dex:  9    Spells: 3/3 levels left

rFire   . . .        p - +9 mace of Magnificence {venom, rN+ Int+4}
rCold   . . .        c - +0 buckler
rNeg    + + .        b - +0 scale mail
rPois   ∞            l - +0 helmet
rElec   +            (no cloak)
rCorr   .            (no gloves)
SInv    .            (no boots)
Will    .....        (no amulet) Stlth
                     (no ring)
HPRegen 0.24/turn    (no ring)
MPRegen 0.09/turn

%: no passive effects
@: paralysed
A: sickness immunity, AC +3, negative energy resistance 1, electricity
resistance, torment resistance 1, petrification resistance
a: no special abilities


You were on level 4 of the Dungeon.
You visited 1 branch of the dungeon, and saw 4 of its levels.

You collected 62 gold pieces.

Inventory:

Hand Weapons
 a - a +0 flail
 o - a +0 short sword of speed
 p - the +9 mace of Magnificence (weapon) {venom, rN+ Int+4}
   (You found it on level 2 of the Dungeon)

   Int:       It affects your intelligence (+4).
   rN:        It protects you from negative energy.
Missiles
 j - 5 boomerangs (quivered)
Armour
 b - a +0 scale mail (worn)
 c - a +0 buckler (worn)
 l - a +0 helmet (worn)
Scrolls
 h - a scroll of torment {unknown}
 i - a scroll of noise {unknown}
 k - 2 scrolls of amnesia {unknown}
 n - 4 scrolls of identify {unknown}
Potions
 d - 4 potions of might
 e - 2 potions of curing {unknown}
 f - a potion of haste {unknown}
 g - 3 potions of enlightenment {unknown}
 m - a potion of lignification {unknown}


   Skills:
 + Level 3.6 Fighting
 + Level 2.7 Maces & Flails
 + Level 1.0 Throwing
 + Level 3.7 Armour
 + Level 0.7 Dodging
 + Level 0.3 Stealth
 + Level 4.1 Shields


You had 3 spell levels left.
You didn't know any spells.
Your spell library was empty.

Dungeon Overview and Level Annotations

Branches:
Dungeon (4/15)
 Temple: D:4-7

Altars:

Shops:
D:3 ?

Annotations:
D:2 1 runed translucent door, Crazy Yiuf
D:4 Grinder, Menkaure


Innate Abilities, Weirdness & Mutations

You are immune to sickness and miasma.
Your stone body is resilient. (AC +3)
You are immune to poison.
You resist negative energy. (rN+)
You are resistant to electric shocks. (rElec)
You are resistant to unholy torment.
You are immune to petrification.


Message History

You closely miss Grinder. Grinder hits you but does no damage.
You sock Grinder!
Grinder is moderately wounded.
Grinder closely misses you. Grinder hits you but does no damage.
You sock Grinder!
Grinder is heavily wounded.
Menkaure mumbles in an indecipherable tongue.
Menkaure calls on the powers of darkness!
The jelly convulses!
Your body is wracked with pain!
Grinder barely misses you.
You hit Grinder.
Grinder is heavily wounded.
Grinder barely misses you.
You barely miss Grinder.
Grinder is heavily wounded.
Grinder barely misses you. Grinder hits you.
You barely miss Grinder.
Grinder is heavily wounded.
Grinder hits you.
* * * LOW HITPOINT WARNING * * *
You writhe in agony.
* * * LOW HITPOINT WARNING * * *
You barely miss Grinder.
Grinder is heavily wounded.
Grinder barely misses you.
Menkaure calls on the powers of darkness!
The jelly convulses!
You feel a surge of unholy energy.
You sock Grinder!
Grinder is poisoned.
Grinder is severely wounded.
Grinder gestures at you. Pain shoots through your body!
* * * LOW HITPOINT WARNING * * *
Grinder gestures at you.
You suddenly lose the ability to move!
The jelly jiggles.
Grinder hits you but does no damage.
Grinder says, "What is the universe for?"
Grinder gestures at you.
You barely resist. Grinder hits you.
You die...

#. #.###.###.......
#####. #.#...†......[..
#.....###.#.#.###.......
#.....#.....#<..#.......
#...........#.#.#.......
#...........#.#.#.......
......MJ....#.#.........
#.....#5#####.###.#+####
#.... #@# ... ..# #...
#.# ... . #.. #.# ... ..
... # .#.#. #.#.#.# #
#.# # #.# #.#


You could see Grinder (very poisoned), Menkaure (fast) and a jelly.

Vanquished Creatures
  A hound (D:4)
  Jessica (D:2)
  An adder (D:2)
  An orc (D:3)
  6 bats
  An endoplasm (D:2)
  A giant cockroach (D:2)
  A goblin (D:2)
  2 hobgoblins
  3 jackals (D:2)
  4 kobolds
  4 quokkas
  3 frilled lizards
  2 rats
31 creatures vanquished.

Notes
Turn   | Place    | Note
-------+----------+-------------------------------------------
     0 | D:1      | shadowstone the Gargoyle Fighter began the quest for the
                  | Orb.
     0 | D:1      | Reached XP level 1. HP: 14/14 MP: 1/1
    79 | D:1      | Reached XP level 2. HP: 19/19 MP: 2/2
   293 | D:2      | Reached XP level 3. HP: 23/23 MP: 3/3
   360 | D:2      | Noticed Jessica
   376 | D:2      | Killed Jessica
   453 | D:2      | Found a runed translucent door.
   454 | D:2      | Noticed Crazy Yiuf
   632 | D:2      | Identified the +9 mace of Magnificence {venom, rN+ Int+4}
   741 | D:2      | Reached XP level 4. HP: 28/28 MP: 4/4
   844 | D:2      | Reached skill level 4 in Shields
   943 | D:3      | Found Zeliebu's Magic Scroll Boutique.
  1100 | D:4      | Reached skill level 1 in Throwing
  1134 | D:4      | Noticed Menkaure
  1137 | D:4      | Noticed Grinder
  1147 | D:4      | Paralysed by Grinder for 4 turns
  1150 | D:4      | Slain by Grinder

Illustrated notes

Levels and vault maps discovered:
D:1:      matt_arrival_grand_opening, layout_rooms
D:2:      layout_basic, uniq_crazy_yiuf_cottage, uniq_jessica
D:3:      layout_loops_ring, mainiacjoe_overflow_chevrons, serial_shops,
          nicolae_book_shop_shelving, nicolae_shop_rolled_up, shop, shop, shop,
          serial_co_window_serial, co_window_cross_1, co_window_paths_b,
          co_window_of_opportunity_a, co_window_paths_b, co_window_paths_a,
          co_window_corner_cb, co_window_corner_b, co_window_cross_3,
          co_window_corner_cb, co_window_broadway_b
D:4:      layout_basic, minmay_goblin_outpost, uniq_eustachio, uniq_ijyb,
          uniq_edmund, uniq_grinder, uniq_menkaure, uniq_blork_the_orc

Skill      XL: |  1  2  3  4 |
---------------+-------------+-----
Shields        | 4 |  4.1
Throwing       | 1 |  1.0
Fighting       | |  3.6
Maces & Flails | |  2.7
Armour         | |  3.7
Dodging        | |  0.7
Stealth        | |  0.3

Action                     |  1- 3 |  4- 6 || total
---------------------------+-------+-------++-------
  Melee: Flail             |    46 |       ||    46
         Short sword       |     8 |       ||     8
         Mace              |     5 |    27 ||    32
  Throw: Boomerang         |    31 |       ||    31
 Armour: Scale mail        |    63 |    22 ||    85
  Dodge: Dodged            |    65 |    17 ||    82
  Block: Buckler           |    41 |    10 ||    51

Table legend: (Time is in decaauts)
 A = Elapsed time spent in this place.
 B = Non-inter-level travel time spent in this place.
 C = Inter-level travel time spent in this place.
 D = Time resting spent in this place.
 E = Time spent auto-exploring this place.
 F = Levels seen in this place.
 G = Mean time per level.
                   A        B        C        D        E       F      G
               +--------+--------+--------+--------+--------+-----+--------+
         Total |   1187 |   1131 |     56 |      0 |    226 |   4 |  296.8 |
       Dungeon |   1187 |   1131 |     56 |      0 |    226 |   4 |  296.8 |
               +--------+--------+--------+--------+--------+-----+--------+

Top non-repeatable levels by time:
     D:2: 698 daAuts
     D:3: 231 daAuts
     D:1: 189 daAuts
     D:4: 67 daAuts
